← All builds
Air / Cortex / Economy first / OBSERVED BUILD

Standard air

The usual Cortex air game: Aircraft Plant just after the start, Advanced Metal Extractor around 7 minutes and Fusion Reactor around 11 minutes, making transports and fighters for the team while scaling economy normally.

Usually transports first (72%)

#eco #team support #air · 501 distinct matches · 111 players · 80% of Cortex Air games · team won 47% of 559 · Recently observed

HOW TO PLAY IT

Key timing: Aircraft Plant by 1:23

  1. Take 3 mex and open straight into Aircraft Plant.
  2. Finish Aircraft Plant, start pumping Valiant for escort duty.
  3. Get T2 constructor going to scale eco alongside air production.
  4. Add Advanced Metal Extractor to keep pace with team's economy.
  5. Bring Fusion Reactor online, keep making Hercules and Finch for allies.

Phase by phase

TYPICAL OF ITS 501 GAMES
  1. 1
  2. 2
  3. 3
PLAY THE OPENING

Follow the example game's first 6:00 step by step: what to build now, what comes next, and where it goes. At 1× it keeps pace with your own game.

  1. 1

    Up to the Aircraft Plant

    Economy
    • Metal Extractor3Mex
    • Wind Turbine4Wind
    Order
    1. Aircraft PlantAircraft Plant after 3 mex, 4 winddone ~1:22, middle half 1:13–1:33

    Some games also: energy storage (37%)

    By 1:03 in all: 3 mex · 4 wind

    The example game in this phase · 3 steps
    1. Mex ×3
    2. Wind ×6
    3. Aircraft PlantAircraft Plantdone 1:24 · typical 1:22
  2. 2

    Aircraft Plant to 5:00

    Economy
    • Metal Extractor1Mex
    • Wind Turbine9Wind
    • Wind Turbine3Wind
    Builders
    • Construction Turret2 Con turret
    • Construction Aircraft1 Con aircraft
    Army
    • Valiant5 Valiant
    • Finch2 Finch for allies
    • Hercules2 Light transport for allies
    • Shuriken1 Shuriken
    • Hephaestus1 Heavy transport for allies

    Some games also: energy storage (46%) · light transport (44%) · converter (40%) · con turret (31%)

    By 5:00 in all: 3 mex · 1 mex · 13 wind · 3 wind · 1 energy storage · 2 con turret

    The example game in this phase · 29 steps
    1. ShurikenShuriken
    2. HerculesLight transportfor Geo sea
    3. FinchFinchfor Geo sea
    4. HephaestusHeavy transportfor Beach sea
    5. FinchFinchfor Beach sea
    6. FinchFinch
    7. HerculesLight transportfor Tech
    8. Construction AircraftCon aircraft
    9. Mex
    10. ValiantValiant
    11. Con turret
    12. ValiantValiant
    13. Wind
    14. ValiantValiant
    15. Con turret
    16. Wind ×2
    17. ValiantValiant
    18. Wind
    19. ValiantValiant
    20. Wind
    21. Wind
    22. Wind
    23. ShurikenShuriken
    24. Wind
    25. ValiantValiant
    26. Wind
    27. Energy storage
    28. Wind
    29. Wind
  3. 3

    5:00 to 10:00

    Economy
    • Wind Turbine20Wind
    • Wind Turbine5Wind
    • Energy Converter6Converter
    Order
    1. Aircraft PlantAircraft Plant after 18 wind, 17 wind, 6 converterin 58% of games
    Builders
    • Construction Turret4 Con turret
    Army
    • Valiant9 Valiant
    • Shuriken1 Shuriken

    Some games also: con aircraft (36%) · fusion (33%) · light transport (31%)

    By 10:00 in all: 3 mex · 1 mex · 24 wind · 20 wind · 8 converter · 1 energy storage

    The example game in this phase · 147 steps
    1. ValiantValiant
    2. Wind
    3. Wind
    4. Wind ×3
    5. ValiantValiant
    6. Wind
    7. Wind
    8. Wind ×2
    9. ShurikenShuriken
    10. Wind
    11. Wind
    12. ShurikenShuriken
    13. Converter
    14. Wind
    15. Converter
    16. HerculesLight transportfor Geo
    17. Wind
    18. Converter
    19. Wind
    20. HerculesLight transport
    21. Converter
    22. Advanced Metal ExtractorT2 mexdone 6:32 · typical 6:50
    23. Converter
    24. Wind
    25. Wind
    26. Aircraft PlantAircraft Plantdone 6:42
    27. Wind
    28. Wind
    29. HephaestusHeavy transportfor Pond
    30. Wind ×2
    31. Advanced Metal ExtractorT2 mex
    32. Wind
    33. Wind ×3
    34. Wind
    35. Advanced Metal ExtractorT2 mex
    36. Wind
    37. Wind
    38. Wind ×3
    39. Wind
    40. Wind
    41. Aircraft PlantAircraft Plantdone 8:13
    42. Advanced Metal ExtractorT2 mex
    43. Wind
    44. Wind
    45. FinchFinch
    46. Wind
    47. FinchFinch ×2
    48. Wind
    49. FinchFinch
    50. Construction AircraftCon aircraft
    51. Wind
    52. Wind
    53. Con turret
    54. Wind
    55. Con turret
    56. Wind ×2
    57. Con turret
    58. Converter
    59. Con turret
    60. Fusion ReactorFusiondone 10:11 · typical 10:56
    61. Converter ×2
    62. Converter
    63. Converter
    64. Converter
    65. Converter
    66. Fusion ReactorFusion
    67. Converter ×2
    68. Converter
    69. Converter
    70. Converter
    71. Con turret ×2
    72. ValiantValiant
    73. Converter
    74. Converter
    75. Con turret ×2
    76. Converter ×2
    77. ValiantValiant
    78. Con turret
    79. Converter
    80. ValiantValiant ×2
    81. Converter
    82. ValiantValiant ×2
    83. Converter
    84. Converter
    85. ValiantValiant ×2
    86. Converter
    87. ValiantValiant ×3
    88. Converter
    89. ValiantValiant
    90. Converter
    91. ValiantValiant
    92. Converter
    93. ValiantValiant
    94. Converter
    95. ValiantValiant ×5
    96. Converter ×2
    97. ValiantValiant
    98. Converter
    99. ValiantValiant
    100. Converter
    101. ValiantValiant
    102. Converter
    103. ValiantValiant
    104. Converter
    105. ValiantValiant ×5
    106. Converter
    107. ValiantValiant
    108. ShurikenShuriken
    109. WhirlwindWhirlwind
    110. Converter
    111. WhirlwindWhirlwind ×4
    112. Converter
    113. WhirlwindWhirlwind ×3
    114. Converter
    115. WhirlwindWhirlwind ×3
    116. Converter
    117. WhirlwindWhirlwind ×4
    118. Converter
    119. WhirlwindWhirlwind ×2
    120. ValiantValiant
    121. Converter
    122. ValiantValiant ×4
    123. Converter
    124. ValiantValiant ×5
    125. Converter
    126. ValiantValiant ×3
    127. Converter
    128. ValiantValiant ×5
    129. Converter
    130. ValiantValiant ×3
    131. Converter
    132. ValiantValiant ×5
    133. Converter
    134. ValiantValiant ×3
    135. Converter
    136. ValiantValiant ×5
    137. Converter
    138. ValiantValiant ×6
    139. Converter
    140. ValiantValiant
    141. Converter
    142. ValiantValiant ×5
    143. Converter
    144. ValiantValiant ×5
    145. Converter
    146. Fusion ReactorFusion
    147. ValiantValiant ×2

Counts are medians over the build's games: half of them build more, half fewer. The example game is Adeus's (37 OS, 25/09/2026); pick another.

Team trades

IN AT LEAST 30% OF ITS GAMES

You hand over

  • Finch2 Finch to Geo sea or Beach seafirst at 1:50 · in 96% of games
  • Hercules3 Light transport to Tech or Geo sea or Geofirst at 2:05 · in 98% of games
  • Hephaestus1 Heavy transport to Beach sea or Pond or Techfirst at 2:26 · in 75% of games

You get

  • Wind Turbine3 Wind from Beach sea or Geo seafirst at 1:38 · in 66% of games
  • Wind Turbine3 Wind from Beach sea or Geo sea or Pondfirst at 1:45 · in 48% of games
  • Construction Bot1 Con bot from Techfirst at 2:19 · in 84% of games
  • Advanced Construction Bot1 T2 con bot from Techfirst at 6:04 · in 94% of games

How it plays out

Typical game of this build, running totals by minute

Metal produced

010k20k30k
0:005:0010:0015:00

metal

Enemy metal destroyed

01k2k3k
0:005:0010:0015:00

metal

Own metal lost

01k2k3k
0:005:0010:0015:00

metal

559 games.

Show as table
ByMetal produced: This buildEnemy metal destroyed: This buildOwn metal lost: This build
1:0039300
2:0092400
3:00145700
4:002052051
5:00276573102
6:003779124147
7:005128176219
8:007036220281
9:009352250341
10:0011841314464
11:0014395439635
12:0017109605955
13:00199329071256
14:002261913911819
15:002548920592748
WHAT THE NUMBERS SAY

This is the role's standard support job, winning less than half its games while producing little combat impact but reliably feeding transports and scouts to teammates.

  • + Reaches Aircraft Plant almost immediately (1:23), fast T2 constructor by 5:58.
  • + Keeps own losses low (2789 by 15:00) versus other roles.
  • − Destroys only 2027 enemy metal by 15:00, minimal combat contribution.
  • − Fusion Reactor only completes in 57% of games, some games stall on eco.
THE EXAMPLE YOU ARE READING

Adeus

36.5 OS · 25/09/2026

Open source match ↗

10 received units · includes a constructor
330 metal received · 36714 energy received

Allied construction assistance is unknown. Timings are observations, not a promise of solo reproducibility.

Typical milestones

Aircraft Plant1:22Middle 50%: 1:13–1:33 · n=559
Advanced Metal Extractor6:50Middle 50%: 6:23–7:27 · n=536
Fusion Reactor10:56Middle 50%: 10:02–12:19 · n=338

Played most by

DRM35games of this buildCentientWaffle32games of this buildAdeus28games of this buildNutzz25games of this buildhaaven24games of this build